 Dungeon Crawl Stone Soup version 0.31.0-12-g77e489cdc1 (webtiles) character file.

Game seed: 16234482409884489656

1284 Baz the Slasher (level 8, -2/59 (70) HPs)
             Began as a Minotaur Fighter on Feb 27, 2024.
             Was an Initiate of Okawaru.
             Slain by a wight
             ... wielding a +2 halberd of freezing
              (3 damage)
             ... on level 6 of the Dungeon.
             The game lasted 00:09:02 (5457 turns).

Baz the Slasher (Minotaur Fighter)                  Turns: 5457, Time: 00:09:02

HP:   -2/59 (70)    AC:  7    Str: 22    XL:     8   Next: 29%
MP:   7/7           EV: 11    Int:  5    God:    Okawaru [......]
Gold: 450           SH:  5    Dex: 11    Spells: 7/7 levels left

rFire   . . .        a - +0 long sword
rCold   . . .        c - +0 buckler
rNeg    . . .        b - +0 scale mail
rPois   .            (helmet restricted)
rElec   .            (no cloak)
rCorr   .            (no gloves)
SInv    .            (no boots)
Will    .....        r - amulet of the acrobat Stlth
                     (no ring)
HPRegen 0.29/turn    (no ring)
MPRegen 0.10/turn

%: acrobat
@: studying Dodging, heavily drained
A: horns 2, retaliatory headbutt
a: Renounce Religion


You were on level 6 of the Dungeon.
You worshipped Okawaru.
Okawaru was noncommittal.
You visited 2 branches of the dungeon, and saw 8 of its levels.

You collected 450 gold pieces.

Inventory:

Hand Weapons
 a - a +0 long sword (weapon)
Armour
 b - a +0 scale mail (worn)
 c - a +0 buckler (worn)
 s - a +0 plate armour
Jewellery
 r - an amulet of the acrobat (around neck)
 y - the amulet of Tomorrow {Spirit rF+ Will- Str+2}
   (You found it on level 6 of the Dungeon)

   [amulet of guardian spirit]

   Spirit:    It causes incoming damage to be divided between your reserves of
   health and magic.
   Str+2:     It affects your strength (+2).
   rF+:       It protects you from fire.
   Will-:     It decreases your willpower.
 A - an amulet of faith
Wands
 z - a wand of mindburst (8)
Scrolls
 g - a scroll of enchant weapon {unknown}
 h - 3 scrolls of amnesia {unknown}
 j - 5 scrolls of identify {unknown}
 k - a scroll of summoning {unknown}
 o - a scroll of revelation {unknown}
 q - 2 scrolls of fear {unknown}
 u - 2 scrolls of silence {unknown}
 w - a scroll of teleportation {unknown}
Potions
 d - 2 potions of might
 e - 3 potions of magic {unknown}
 f - a potion of ambrosia {unknown}
 i - a potion of haste {unknown}
 l - 2 potions of degeneration {unknown}
 m - a potion of resistance {unknown}
 n - a potion of mutation {unknown}
 p - a potion of attraction {unknown}
 t - 4 potions of curing {unknown}
 v - 2 potions of invisibility {unknown}
 x - a potion of brilliance {unknown}


   Skills:
 + Level 6.2 Fighting
 * Level 7.7 Long Blades
 + Level 6.2 Armour
 * Level 6.1 Dodging
 - Level 5.3 Shields


You had 7 spell levels left.
You didn't know any spells.
Your spell library contained the following spells:

 Spells                   Type           Power      Damage    Failure   Level
 Mephitic Cloud           Conj/Alch/Air  0%         N/A       99%         3
 Anguish                  Hex/Necr       0%         N/A       100%        4
 Dimensional Bullseye     Hex/Tloc       0%         N/A       100%        4
 Petrify                  Alch/Erth      0%         N/A       100%        4
 Yara's Violent Unravell  Hex/Alch       0%         3d3       100%        5
 Bombard                  Conj/Erth      0%         9d1       100%        6


Dungeon Overview and Level Annotations

Branches:
Dungeon (7/15)             Temple (1/1) D:6

Altars:
Dithmenos
Gozag
Nemelex Xobeh
Okawaru
Ru
Uskayaw
Vehumet
Wu Jian
Yredelemnul
Zin
The Shining One

Shops:
D:3 *

Annotations:
D:3 Sigmund


Innate Abilities, Weirdness & Mutations

You have a pair of horns on your head.
You reflexively headbutt those who attack you in melee.


Message History

The floor.
Unknown command.
You hit the wight.
The wight is lightly damaged.
The wight hits you with a +2 halberd of freezing.
The wight freezes you.
Unknown command.
The wight hits you with a +0 hand axe!
You feel drained. The wight hits you with a +2 scimitar!
You feel drained. The wight barely misses you.
You climb upwards.
There is a stone staircase leading down here.
Unknown command.
Unknown command.
You closely miss the wight.
The wight is lightly damaged.
The wight closely misses you. You block the wight's attack.
The wight hits you with a +0 hand axe.
You feel drained.
You closely miss the wight.
The wight is lightly damaged.
The wight hits you with a +2 scimitar. The wight barely misses you.
The wight misses you. You furiously retaliate!
You headbutt the wight!
Unknown command.
You closely miss the wight.
You headbutt the wight, but do no damage.
The wight is lightly damaged.
The wight hits you with a +2 scimitar!
You feel drained. The wight barely misses you. You furiously retaliate!
You headbutt the wight. The wight misses you.
Unknown command.
You hit the wight but do no damage. Your headbutt misses the wight.
The wight is heavily damaged.
The wight hits you with a +2 scimitar!
* * * LOW HITPOINT WARNING * * *
You feel drained.
* * * LOW HITPOINT WARNING * * *
The wight hits you with a +2 halberd of freezing!
* * * LOW HITPOINT WARNING * * *
You feel drained.
You die...

.....# #...### #.#.#
.....#####....# #.#.#
........###.#.####.#.#
........# #.#......#.#
........# #.#..#####.#
........# #.#...####.#
.....#### #.#.#..##..#######
.....# #.#..............#
...########.#..z@z.....###.#
...# #......#..z####.#.# #.#
...# #......#...+.<#...###.#
...# #......#...##.........#
...# #......#...##.#########
...# #......######.# ...#
#......'.# #.# ...#
#......#.####.# ...#
#......#......#


You could see 3 wights.

Vanquished Creatures
  A black bear (D:5)
  2 centaurs (D:4)
  2 phantoms (D:6)
  A kobold brigand (D:6)
  2 scorpions
  2 howler monkeys
  2 bombardier beetles
  2 jellies
  A gnoll bouda (D:6)
  2 hounds
  An orc priest (D:4)
  An iguana (D:6)
  A sleepcap (D:5)
  3 orc wizards
  Robin (D:3)
  5 gnolls (D:6)
  7 adders
  A white imp (D:5)
  2 dart slugs
  3 ribbon worms
  14 orcs
  7 bats
  6 endoplasms
  4 giant cockroaches
  22 goblins
  11 hobgoblins
  12 kobolds
  2 quokkas
  4 ball pythons
  2 frilled lizards
  5 rats
131 creatures vanquished.

Notes
Turn   | Place    | Note
-------+----------+-------------------------------------------
     0 | D:1      | Baz the Minotaur Fighter began the quest for the Orb.
     0 | D:1      | Reached XP level 1. HP: 19/19 MP: 0/0
    89 | D:1      | Reached XP level 2. HP: 27/27 MP: 1/1
   157 | D:1      | Reached skill level 3 in Long Blades
   736 | D:2      | Reached XP level 3. HP: 31/33 MP: 2/2
  1180 | D:2      | Reached XP level 4. HP: 40/40 MP: 3/3
  1463 | D:2      | You fall into a shaft and drop 1 floor!
  1510 | D:3      | Reached skill level 4 in Long Blades
  1597 | D:3      | Noticed Sigmund
  1829 | D:3      | Reached XP level 5. HP: 12/47 MP: 4/4
  1830 | D:3      | Got the Codex of the Conjured Tektite
  2122 | D:3      | Found Xushrowkud's Assorted Antiques.
  2303 | D:3      | Noticed Robin
  2332 | D:3      | Killed Robin
  2686 | D:4      | Reached skill level 5 in Long Blades
  2762 | D:4      | Reached XP level 6. HP: 50/55 MP: 5/5
  2909 | D:3      | Reached skill level 5 in Armour
  3008 | D:4      | Reached skill level 5 in Fighting
  3008 | D:4      | Reached skill level 5 in Shields
  3009 | D:4      | Reached skill level 6 in Long Blades
  3176 | D:4      | Reached skill level 1 in Dodging
  3176 | D:4      | Reached XP level 7. HP: 59/61 MP: 6/6
  3434 | D:5      | Entered Level 5 of the Dungeon
  3439 | D:5      | Identified the orb of the Constellations {mayhem, rC- Int+3
                  | Necro Tloc}
  4100 | D:5      | Found a sparkling altar of Nemelex Xobeh.
  4294 | D:6      | Identified the +1 robe "Xisurchips" {rN+ rCorr}
  4402 | D:6      | Reached skill level 7 in Long Blades
  4453 | D:6      | Reached skill level 5 in Dodging
  4453 | D:6      | Reached XP level 8. HP: 70/70 MP: 7/7
  4489 | D:6      | Identified the amulet of Tomorrow {Spirit rF+ Will- Str+2}
  4565 | D:6      | Got Haumysux's Omnibus of Pollution and the Whammy
  4766 | D:6      | Found a staircase to the Ecumenical Temple.
  4774 | Temple   | Entered the Ecumenical Temple
  4793 | Temple   | Became a worshipper of Warmaster Okawaru
  5457 | D:6      | HP: 1/61 [wight/+2 halberd of freezing (10)]
  5457 | D:6      | Slain by a wight

Illustrated notes

Levels and vault maps discovered:
D:1:      grunt_arrival_crossed_arrows, layout_loops_ring, hex_medium
D:2:      layout_loops_ring, lightli_corner_chamber
D:3:      layout_basic, serial_shops, nicolae_shop_back_alley_shop,
          kennysheep_another_room, minmay_cupped, uniq_jessica, uniq_robin,
          uniq_sigmund
D:4:      layout_basic, minmay_manual_mares
D:5:      layout_loops_ring, nemelex_diamond_rough_becter, serial_glass,
          glass_columns_a, glass_columns_a
D:6:      layout_basic, minmay_temple_entry_gardened_gates
D:7:      layout_rooms, minmay_a_box_with_orc_wizards_in_it
Temple:   compressed_dpeg_circular_temple

Skill      XL: |  1  2  3  4  5  6  7  8 |
---------------+-------------------------+-----
Long Blades    | 3 4 5 6 7 |  7.7
Fighting       | 4 5 6 |  6.2
Armour         | 4 5 6 |  6.2
Shields        | 4 5 |  5.3
Dodging        | 1 5 6 |  6.1

Action                     |  1- 3 |  4- 6 |  7- 9 || total
---------------------------+-------+-------+-------++-------
  Melee: Long sword        |   100 |   127 |   129 ||   356
         Headbutt          |    10 |    18 |    28 ||    56
 Armour: Scale mail        |    56 |   121 |    90 ||   267
  Dodge: Dodged            |    46 |    72 |    57 ||   175
  Block: Buckler           |    21 |    25 |    27 ||    73
